 Dungeon Crawl Stone Soup version 0.27-a0-170-g607d9e9d85 (webtiles) character file.

Game seed: 6203677097677424848

303 kae the Ruffian (level 6, -3/50 HPs)
             Began as a Draconian Transmuter on Jan 28, 2021.
             Was a Follower of Wu Jian.
             Slain by a mummy (16 damage)
             ... in an ossuary on Jan 29, 2021.
             The game lasted 00:02:43 (4509 turns).

kae the Ruffian (Draconian Transmuter)              Turns: 4509, Time: 00:02:43

Health: -3/50      AC:  2    Str: 14    XL:     6   Next: 15%
Magic:  8/10       EV: 20    Int: 13    God:    Wu Jian [*.....]
Gold:   168        SH:  0    Dex: 17    Spells: 6/10 levels left

rFire    . . .     SeeInvis .     - Unarmed
rCold    . . .     Faith    .   (shield currently unavailable)
rNeg     . . .     Spirit   .   (armour unavailable)
rPois    x         Reflect  .   (helmet currently unavailable)
rElec    .         Harm     .   (cloak currently unavailable)
rCorr    .         Rampage  .   (gloves currently unavailable)
Will     .....                  (boots currently unavailable)
Stlth    ++........             (no amulet)
HPRegen  0.16/turn              (no ring)
MPRegen  0.12/turn              (no ring)

@: spider-form (expiring)
A: tiny, unfitting armour, AC +6
a: End Transformation, Renounce Religion


You were in an ossuary.
You worshipped Wu Jian.
Wu Jian was aware of your devotion.
You were a venomous arachnid creature.
You visited 1 branch of the dungeon, and saw 5 of its levels.
You also visited: Ossuary.

You collected 168 gold pieces.

Inventory:

Armour
 k - a +0 cloak (melded)
Jewellery
 c - an uncursed amulet of the acrobat {unknown}
 e - an uncursed amulet of reflection {unknown}
 j - a cursed -4 ring of intelligence {unknown}
Scrolls
 a - a scroll of magic mapping
 b - a scroll of enchant armour {unknown}
 d - a scroll of remove curse {unknown}
 f - a scroll of teleportation {unknown}
 h - 3 scrolls of amnesia {unknown}
 i - 2 scrolls of identify {unknown}


   Skills:
 + Level 2.6 Fighting
 + Level 2.6 Dodging
 * Level 4.4 Unarmed Combat
 + Level 2.8 Spellcasting
 + Level 3.0 Transmutations
 * Level 2.3 Poison Magic


You had 6 spell levels left.
You knew the following spells:

 Your Spells              Type           Power        Failure   Level
a - Beastly Appendage     Tmut           18%          19%         1
b - Spider Form           Tmut/Pois      4%           45%         3

Your spell library contained the following spells:

 Spells                   Type           Power        Failure   Level
 Wereblood                Tmut           9%           24%         2
 Ice Form                 Ice/Tmut       5%           90%         4
 Blade Hands              Tmut           4%           96%         5


Dungeon Overview and Level Annotations

Branches:
Dungeon (5/15)            Ossuary (1/1)
 Temple: D:4-7

Altars:
Nemelex Xobeh
Wu Jian
The Shining One

Annotations:
D:4 exclusion: upstairs


Innate Abilities, Weirdness & Mutations

((Your plain brown scales are hard. (AC +6)))
You cannot fit into any form of body armour.
((You are cold-blooded and may be slowed by cold attacks.))


Message History

The mummy hits you!
* * * LOW HITPOINT WARNING * * *
The mummy barely misses you.
You hit the mummy but do no damage.
The mummy is moderately damaged.
The mummy misses you.
You completely miss the mummy.
The mummy is moderately damaged.
The mummy hits you!
* * * LOW HITPOINT WARNING * * *
The mummy misses you.
You hit the mummy.
The mummy is heavily damaged.
The mummy misses you.
You feel better. The mummy misses you. The mummy completely misses you. x2
You open the door. The mummy misses you.
You hit the kobold zombie.
The kobold zombie is heavily damaged.
The mummy hits you!
You die...

### # #..######
#.###
##....M.#......
#...∩.MsZ......
##....M.#.Z....
#..###### #.###
### #


You could see 3 mummies, a quokka zombie and a kobold zombie.

Vanquished Creatures
  A scorpion (D:5)
  2 hounds
  An orc priest (D:3)
  A bullfrog skeleton (D:4)
  A worker ant (D:4)
  A mummy (D:5)
  2 adders
  An ooze (D:1)
  2 worms (D:2)
  A dart slug (D:1)
  3 leopard geckos
  7 orcs
  12 hobgoblins
  10 jackals
  2 quokkas (D:2)
  A bat (D:3)
  5 frilled lizards
  4 goblins
  4 kobolds
  6 rats
67 creatures vanquished.

Vanquished Creatures (others)
  4 fungi (D:5)
  2 plants (D:5)
6 creatures vanquished.

Grand Total: 73 creatures vanquished

Notes
Turn   | Place    | Note
-------+----------+-------------------------------------------
     0 | D:1      | kae the Draconian Transmuter began the quest for the Orb.
     0 | D:1      | Reached XP level 1. HP: 16/16 MP: 3/3
   247 | D:1      | Reached XP level 2. HP: 23/23 MP: 3/5
   647 | D:1      | Reached XP level 3. HP: 13/28 MP: 6/6
  1169 | D:2      | Found an ornate altar of the Wu Jian Council.
  1174 | D:2      | Learned a level 3 spell: Spider Form
  1179 | D:2      | Became a worshipper of the Wu Jian Council
  2064 | D:2      | Reached XP level 4. HP: 35/36 MP: 5/7
  2318 | D:3      | Reached skill level 1 in Poison Magic
  3310 | D:4      | Found a glowing golden altar of the Shining One.
  3354 | D:4      | Reached skill level 4 in Unarmed Combat
  3354 | D:4      | Reached XP level 5. HP: 26/41 MP: 6/8
  3575 | D:4      | Found a sparkling altar of Nemelex Xobeh.
  4366 | D:5      | Entered Level 5 of the Dungeon
  4384 | D:5      | Reached * piety under Wu Jian
  4385 | D:5      | Reached XP level 6. HP: 31/50 MP: 6/10
  4469 | D:5      | Found a sand-covered staircase.
  4489 | Ossuary  | Entered an ossuary
  4505 | Ossuary  | HP: 2/50 [mummy (14)]
  4509 | Ossuary  | Slain by a mummy

Illustrated notes

Levels and vault maps discovered:
D:1:      wander_arrival_lonely_grave, layout_loops_ring
D:2:      layout_basic, lemuel_crystal_altar, minmay_pentomino_p2
D:3:      layout_basic
D:4:      layout_loops_cross, nemelex_xobeh_ov_fountains_minmay,
          lemuel_crystal_altar, wad_floor_pattern_1
D:5:      corexii_shack_village, layout_basic,
          nzn_overflow_gifts_of_might_and_magic, nicolae_ossuary_entry_giza,
          fedhas_altar_3
Ossuary:  ossuary_minmay_chase

Skill      XL: |  1  2  3  4  5 |
---------------+----------------+-----
Dodging        | 2 |  2.6
Poison Magic   | 1 2 |  2.3
Fighting       | 2 |  2.6
Unarmed Combat | 4 |  4.4
Transmutations | 3 |  3.0
Spellcasting   | |  2.8

Action                   |  1- 3 |  4- 6 || total
-------------------------+-------+-------++-------
Melee: Unarmed           |   108 |   122 ||   230
       Kick              |    20 |    14 ||    34
       Tailslap          |     9 |    15 ||    24
       Headbutt          |     9 |     9 ||    18
       Punch             |     1 |       ||     1
 Cast: Beastly Appendage |    26 |    12 ||    38
       Spider Form       |     1 |     4 ||     5
Invok: Lunge             |     3 |     2 ||     5
  Use: Potion            |     1 |     2 ||     3
       Scroll            |       |     3 ||     3
 Stab: Sleeping          |       |     1 ||     1
Armor: Skin              |    30 |    15 ||    45
Dodge: Dodged            |    69 |    75 ||   144

Table legend: (Time is in decaauts)
 A = Elapsed time spent in this place.
 B = Non-inter-level travel time spent in this place.
 C = Inter-level travel time spent in this place.
 D = Time resting spent in this place.
 E = Time spent auto-exploring this place.
 F = Levels seen in this place.
 G = Mean time per level.
                   A        B        C        D        E       F      G
               +--------+--------+--------+--------+--------+-----+--------+
         Total |   4493 |   4325 |    168 |    349 |   3460 |   6 |  748.8 |
       Dungeon |   4474 |   4306 |    168 |    349 |   3460 |   5 |  894.8 |
       Ossuary |     18 |     18 |      0 |      0 |      0 |   1 |   18.0 |
               +--------+--------+--------+--------+--------+-----+--------+

Top non-repeatable levels by time:
     D:4: 1394 daAuts
     D:1: 1165 daAuts
     D:2: 1089 daAuts
     D:3: 704 daAuts
     D:5: 121 daAuts
 Ossuary: 18 daAuts
